 Dungeon Crawl Stone Soup version 0.30-a0-279-g4b46babb21 (webtiles) character file.

Game seed: 12169298527628777977

633 Flugkiller the Sneak (level 7, -1/47 (49) HPs)
             Began as an Octopode Delver on Oct 16, 2022.
             Was a Follower of Uskayaw.
             Shot with an arrow by a centaur (12 damage)
             ... on level 5 of the Dungeon.
             The game lasted 00:02:57 (1903 turns).

Flugkiller the Sneak (Octopode Delver)              Turns: 1903, Time: 00:02:57

HP:   -1/47 (49)    AC:  1    Str: 12    XL:     7   Next: 49%
MP:   7/7           EV: 15    Int: 12    God:    Uskayaw [*.....]
Gold: 129           SH:  3    Dex: 15    Spells: 6/6 levels left

rFire   . . .      SeeInvis .    a - +0 short sword
rCold   . . .      Faith    .    h - +0 buckler
rNeg    . . .      Spirit   .    (helmet restricted)
rPois   .          Reflect  .    (no amulet)
rElec   .          Harm     .    (no ring)
rCorr   .          Rampage  .    (no ring)
Will    .....                    (no ring)
Stlth   ++++......               (no ring)
HPRegen 0.27/turn                (no ring)
MPRegen 0.10/turn                (no ring)
                                 (no ring)
                                 (no ring)

@: lightly drained
A: almost no armour, amphibious, 8 rings, camouflage 1, gelatinous body 1,
(nimble swimmer 1), tentacles
a: Renounce Religion, Stomp


You were on level 5 of the Dungeon.
You worshipped Uskayaw.
Uskayaw was noncommittal.
You visited 2 branches of the dungeon, and saw 5 of its levels.

You collected 129 gold pieces.

Inventory:

Hand Weapons
 a - a +0 short sword (weapon)
Armour
 h - a +0 buckler (worn)
   (You found it on level 6 of the Dungeon)
Jewellery
 s - a ring of flight
   (You found it on level 4 of the Dungeon)
Wands
 f - a wand of digging (3)
Scrolls
 b - a scroll of fog
 g - a scroll of immolation
 i - a scroll of noise {unknown}
 j - a scroll of brand weapon {unknown}
 l - a scroll of fear
 m - a scroll of torment {unknown}
 t - a scroll of teleportation
Potions
 c - a potion of invisibility {unknown}
 d - a potion of might
 e - a potion of mutation {unknown}
 k - a potion of magic
 n - a potion of flight {unknown}
 o - a potion of berserk rage {unknown}
 p - a potion of heal wounds {unknown}
 q - 2 potions of curing
 r - a potion of lignification {unknown}


   Skills:
 + Level 4.7 Fighting
 + Level 4.8 Short Blades
 + Level 5.6 Dodging
 - Level 6.6 Stealth


You had 6 spell levels left.
You didn't know any spells.
Your spell library contained the following spells:

 Spells                   Type           Power      Damage    Failure   Level
 Shock                    Conj/Air       0%         1d3       41%         1
 Swiftness                Air            0%         N/A       80%         3
 Airstrike                Air            0%         2d(0-16)  99%         4


Dungeon Overview and Level Annotations

Branches:
Dungeon (6/15) Zot: 22428  Temple (1/1) D:6 Zot: 5725

Altars:
Ashenzari
Cheibriados
Dithmenos
Elyvilon
Fedhas
Hepliaklqana
Kikubaaqudgha
Makhleb
Nemelex Xobeh
Qazlal
Ru
Sif Muna
Trog
Uskayaw
Vehumet
Wu Jian
Xom
Yredelemnul
Zin
The Shining One

Annotations:
D:6 Edmund


Innate Abilities, Weirdness & Mutations

You cannot wear most types of armour.
You are amphibious.
You can wear up to eight rings at the same time.
Your skin changes colour to match your surroundings (Stealth+).
Your rubbery body absorbs attacks. (AC +1, EV +1)
((You are camouflaged when in or above water. (Stealth+)))
You have tentacles for arms and can constrict up to eight enemies at once.


Message History

You continue putting on your +0 buckler. x4
You finish putting on your +0 buckler.
Found a stone staircase leading up.
There is a stone staircase leading up here.
An ice beast comes into view.
You see here 2 gold pieces.
You now have 129 gold pieces (gained 2).
There is a stone staircase leading up here.
You climb upwards.
The orc wizard shouts!
The orc shouts!
Found an escape hatch in the floor.
There is a stone staircase leading down here.
You block the orc wizard's attack. The orc hits you with a +0 hand axe.
You climb downwards.
Level annotation: Edmund
There is a stone staircase leading up here.
You hit the orc wizard. Your grab misses the orc wizard.
The orc wizard is moderately wounded.
You hit the orc wizard but do no damage.
You grab the orc wizard.
The orc wizard is moderately wounded.
You constrict the orc wizard. The orc hits you with a +0 hand axe.
The orc wizard hits you with a +0 dagger.
You hit the orc wizard.
The orc wizard is heavily wounded.
You constrict the orc wizard. The orc closely misses you.
The orc wizard misses you.
You can now stomp with the beat.
You hit the orc wizard.
The orc wizard is heavily wounded.
You constrict the orc wizard. The orc wizard closely misses you.
The orc hits you with a +0 hand axe!
You hit the orc wizard.
The orc wizard is almost dead.
You constrict the orc wizard, but do no damage.
The orc wizard casts a spell at you. You resist with some effort.
The orc hits you with a +0 hand axe.
You hit the orc wizard.
The orc wizard is almost dead.
You constrict the orc wizard.
You kill the orc wizard!
You can now pass through a line of other dancers.
You hit the orc. Your grab misses the orc.
The orc is heavily wounded.
The orc hits you with a +0 hand axe.
You barely miss the orc. Your grab misses the orc.
The orc is heavily wounded.
The orc barely misses you.
You hit the orc. You grab the orc.
The orc is almost dead.
You constrict the orc.
You kill the orc!
You see here a +0 hand axe.
There is a stone staircase leading up here.
Things that are here:
a +0 dagger; a +0 robe; an orc corpse You start resting.
HP restored.
There is a stone staircase leading up here.
You climb upwards.
The orc hits you with a +0 flail.
There is a stone staircase leading down here.
The orc shouts!
You hit the orc. You grab the orc.
You tentacle-slap the orc, but do no damage.
The orc is moderately wounded.
You constrict the orc. The orc closely misses you.
You hit the orc but do no damage.
The orc is heavily wounded.
You constrict the orc, but do no damage.
The orc hits you with a +0 flail.
You hit the orc but do no damage. Your squeeze misses the orc.
The orc is heavily wounded.
You constrict the orc. You hit the orc but do no damage. You squeeze the orc.
You kill the orc!
Things that are here:
a +0 flail; a +0 chain mail You block the orc's attack.
You barely miss the orc. You grab the orc.
You squeeze the orc, but do no damage.
You constrict the orc, but do no damage.
The orc hits you with a +0 whip.
You hit the orc. You squeeze the orc.
The orc is heavily wounded.
You constrict the orc. The orc hits you with a +0 whip.
The centaur shouts!
You hit the orc but do no damage.
The orc is heavily wounded.
You constrict the orc, but do no damage.
The centaur unwields a +0 rapier.
The centaur wields a +0 shortbow.
The centaur shoots an arrow.
The arrow hits you. The orc hits you with a +0 whip.
You release your grip on the orc.
The centaur shoots an arrow.
The arrow hits you!
* * * LOW HITPOINT WARNING * * *
Things that are here:
a +0 flail; a +0 chain mail
There is a stone staircase leading down here.
The orc completely misses you.
The centaur shoots an arrow.
The arrow hits you!
You die...

....# **###*
....#*##....**
....##......,*
#.#.........,**
#.#..#...#..,,##*
^...##,..#...##.##
....#**,.....#...#
#..####*,........#
......#,,,#..>c.@#
...#.....,#.##..o##
...###...**,*##...#
...###..#**,,*#...#
.......,.,,,,*#..##
..h.###,,,,,,,...#*
h.O.#***,,,,,.....*
c..##,*,,,,....#..*
o..o.,,,,*,..#####*


You could see a centaur and an orc.

Vanquished Creatures
  An ogre (D:5)
  A black bear (D:5)
  A centaur (D:6)
  A bullfrog (D:6)
  A scorpion (D:4)
  A wight (D:6)
  A hound (D:5)
  A jelly (D:3)
  An iguana (D:4)
  An orc wizard (D:6)
  3 adders
  A gnoll (D:5)
  A white imp (D:5)
  2 ufetubi (D:4)
  A worm (D:3)
  A dart slug (D:4)
  5 orcs
  2 bats (D:3)
  4 endoplasms
  A giant cockroach (D:4)
  A goblin (D:4)
  A hobgoblin (D:3)
  A quokka (D:3)
  2 ball pythons
  A frilled lizard (D:3)
  2 kobolds
39 creatures vanquished.

Vanquished Creatures (others)
  6 plants (D:5)
6 creatures vanquished.

Grand Total: 45 creatures vanquished

Notes
Turn   | Place    | Note
-------+----------+-------------------------------------------
     0 | D:5      | Flugkiller the Octopode Delver began the quest for the Orb.
     0 | D:5      | Reached XP level 1. HP: 16/16 MP: 1/1
     9 | D:5      | Noticed a hound
    17 | D:5      | Killed a hound
    18 | D:5      | Reached XP level 2. HP: 11/21 MP: 2/2
    18 | D:5      | Reached XP level 3. HP: 14/26 MP: 3/3
   111 | D:5      | Noticed a black bear
   127 | D:5      | Killed a black bear
   128 | D:5      | Reached skill level 5 in Dodging
   128 | D:5      | Reached XP level 4. HP: 31/31 MP: 4/4
   128 | D:5      | Reached XP level 5. HP: 36/36 MP: 5/5
   354 | D:4      | Identified the +1 robe of Freedom {Str-2 Dex+5}
   438 | D:3      | Reached XP level 6. HP: 42/42 MP: 6/6
   482 | D:3      | Found a burning altar of Makhleb.
   484 | D:3      | Found a broken altar of Ashenzari.
   484 | D:3      | Found a glowing silver altar of Zin.
  1077 | D:6      | Reached XP level 7. HP: 16/49 MP: 7/7
  1297 | D:6      | Found a staircase to the Ecumenical Temple.
  1304 | Temple   | Entered the Ecumenical Temple
  1569 | Temple   | Became a worshipper of Uskayaw the Reveller
  1593 | D:6      | Noticed Edmund
  1806 | D:6      | Reached * piety under Uskayaw
  1809 | D:6      | Reached ** piety under Uskayaw
  1903 | D:5      | Shot with an arrow by a centaur

Illustrated notes

Levels and vault maps discovered:
D:3:      layout_loops_cross, grunt_temple_overflow_open, okawaru_trees_1,
          minmay_close_crescents, uniq_ijyb
D:4:      layout_loops_corners
D:5:      layout_cave_pools, serial_shops, shop, serial_bayou_lagoon_a,
          dreamdust_gnoll_farm
D:6:      layout_loops_corners, minmay_temple_entry_arrows, serial_shops,
          nicolae_shop_crystal, uniq_edmund
Temple:   nicolae_temple_bog_church

Skill      XL: |  1  2  3  4  5  6 |
---------------+-------------------+-----
Dodging        | 3 5 |  5.6
Short Blades   | 4 |  4.8
Fighting       | 4 |  4.7
Stealth        | |  6.6

Action                   |  1- 3 |  4- 6 |  7- 9 || total
-------------------------+-------+-------+-------++-------
Melee: Short sword       |    18 |    60 |    28 ||   106
       Tentacles         |     8 |    11 |     5 ||    24
       Constrict         |     4 |     6 |     5 ||    15
       Punch             |       |       |     1 ||     1
  Use: Potion            |     1 |     2 |     2 ||     5
       Scroll            |       |     1 |     3 ||     4
 Stab: Sleeping          |       |    19 |     2 ||    21
Armor: Skin              |       |     1 |       ||     1
Dodge: Dodged            |    14 |    25 |    23 ||    62
Block: Buckler           |       |       |     2 ||     2

Table legend: (Time is in decaauts)
 A = Elapsed time spent in this place.
 B = Non-inter-level travel time spent in this place.
 C = Inter-level travel time spent in this place.
 D = Time resting spent in this place.
 E = Time spent auto-exploring this place.
 F = Levels seen in this place.
 G = Mean time per level.
                   A        B        C        D        E       F      G
               +--------+--------+--------+--------+--------+-----+--------+
         Total |   1845 |   1734 |    111 |    418 |    845 |   5 |  369.0 |
       Dungeon |   1570 |   1500 |     70 |    302 |    742 |   4 |  392.5 |
        Temple |    274 |    233 |     41 |    116 |    103 |   1 |  274.0 |
               +--------+--------+--------+--------+--------+-----+--------+

Top non-repeatable levels by time:
     D:4: 572 daAuts
     D:6: 521 daAuts
  Temple: 274 daAuts
     D:3: 262 daAuts
     D:5: 215 daAuts
